 Dungeon Crawl Stone Soup version 0.28.0-56-g4927b6849a (webtiles) character file.

Game seed: 5055520800220592302

422 cbfl8 the Chopper (level 6, -11/56 HPs)
             Began as a Minotaur Berserker on Jan 25, 2023.
             Was a Believer of Trog.
             Mangled by an ogre
             ... wielding a +0 giant club
              (20 damage)
             ... on level 4 of the Dungeon.
             The game lasted 00:02:30 (3690 turns).

cbfl8 the Chopper (Minotaur Berserker)              Turns: 3690, Time: 00:02:31

Health: -11/56     AC: 11    Str: 22    XL:     6   Next: 63%
Magic:  5/5        EV:  8    Int: 10    God:    Trog [**....]
Gold:   152        SH:  0    Dex: 11    Spells: 5/5 levels left

rFire   . . .      SeeInvis .   a - +0 hand axe
rCold   + . .      Faith    +   (no shield)
rNeg    . . .      Spirit   .   m - +4 scale mail {rC+}
rPois   .          Reflect  .   (helmet restricted)
rElec   .          Harm     .   (no cloak)
rCorr   .          Rampage  .   (no gloves)
Will    .....                   (no boots)
Stlth   ..........              d - amulet of faith
HPRegen 0.18/turn               b - +6 ring of intelligence
MPRegen 0.09/turn               (no ring)

@: on berserk cooldown, slowed, constricted, very slow
A: horns 2, retaliatory headbutt
a: Renounce Religion, Berserk, Trog's Hand


You were on level 4 of the Dungeon.
You worshipped Trog.
Trog was pleased with you.
You visited 1 branch of the dungeon, and saw 4 of its levels.

You collected 152 gold pieces.

Inventory:

Hand Weapons
 a - a +0 hand axe (weapon)
Armour
 m - a +4 scale mail of cold resistance (worn)
Jewellery
 b - a +6 ring of intelligence (left hand)
 d - an amulet of faith (around neck)
Scrolls
 e - a scroll of amnesia {unknown}
 i - 2 scrolls of teleportation
 k - 3 scrolls of blinking
 n - a scroll of fog
 o - a scroll of vulnerability {unknown}
 p - a scroll of enchant armour {unknown}
 q - a scroll of magic mapping {unknown}
Potions
 c - a potion of curing {unknown}
 g - a potion of attraction {unknown}
 j - a potion of berserk rage {unknown}
 l - a potion of flight {unknown}


   Skills:
 + Level 5.1 Fighting
 + Level 6.7 Axes
 + Level 3.9 Armour
 + Level 3.7 Dodging
 + Level 0.5 Stealth


You had 5 spell levels left.
You didn't know any spells.
Your spell library was empty.

Dungeon Overview and Level Annotations

Branches:
Dungeon (4/15)
 Temple: D:4-7

Altars:
Zin


Innate Abilities, Weirdness & Mutations

You have a pair of horns on your head.
You reflexively headbutt those who attack you in melee.


Message History

You are exhausted.
You feel yourself slow down.
Unknown command.
You hit the ogre. You headbutt the ogre.
The ogre is lightly wounded.
The ogre closely misses you. The ogre barely misses you.
Unknown command.
You hit the ogre.
The ogre is heavily wounded.
The ogre hits you with a +0 giant club!
Unknown command.
You slash the ogre! You headbutt the ogre.
The ogre is almost dead.
You barely miss the goblin. The goblin closely misses you.
The ogre hits you with a +0 giant club!
Unknown command.
You are too injured to fight recklessly!
Unknown command.
You are too injured to fight recklessly!
You hit the ogre but do no damage.
The ogre is almost dead.
You miss the goblin. The goblin hits you but does no damage.
The ogre hits you with a +0 giant club!!
* * * LOW HITPOINT WARNING * * *
You barely miss the ogre.
The ogre is almost dead.
You closely miss the goblin. You hit the ball python.
The goblin hits you but does no damage.
The ball python bites you but does no damage.
The ball python grabs you. The ball python constricts you.
The ogre closely misses you. The goblin hits you but does no damage.
The ball python barely misses you. The ball python constricts you.
* * * LOW HITPOINT WARNING * * *
You hit the ogre.
The ogre is almost dead.
You hit the goblin but do no damage. You barely miss the ball python.
The goblin barely misses you. The ball python closely misses you.
The ball python constricts you.
The ogre hits you with a +0 giant club!!
You die...

######### #........
######<#############
..........).......[..
######..))..)........
#.....####@S......
#.........Og......
#......###........
#......# #........
#......# #........
###.##.# #........
#........ .........


You could see an ogre, a goblin and a ball python.

Vanquished Creatures
  Sigmund (D:2)
  An ogre (D:4)
  A hound (D:4)
  Terence (D:2)
  An iguana (D:4)
  An adder (D:2)
  3 gnolls (D:4)
  A worm (D:2)
  3 dart slugs
  An orc (D:3)
  4 bats
  2 endoplasms
  5 giant cockroaches
  2 goblins (D:1)
  3 hobgoblins
  6 kobolds
  3 quokkas
  11 ball pythons
  2 frilled lizards
  7 rats
59 creatures vanquished.

Vanquished Creatures (others)
  A fungus (D:1)
  A plant (D:1)
2 creatures vanquished.

Grand Total: 61 creatures vanquished

Notes
Turn   | Place    | Note
-------+----------+-------------------------------------------
     0 | D:1      | cbfl8 the Minotaur Berserker began the quest for the Orb.
     0 | D:1      | Reached XP level 1. HP: 19/19 MP: 0/0
   143 | D:1      | Reached skill level 4 in Axes
   143 | D:1      | Reached XP level 2. HP: 27/27 MP: 1/1
   209 | D:1      | Found a faded altar of an unknown god.
   618 | D:1      | Reached ** piety under Trog
  1142 | D:2      | Reached XP level 3. HP: 34/34 MP: 2/2
  1530 | D:2      | Noticed Sigmund
  1530 | D:2      | Noticed Terence
  1989 | D:2      | Killed Terence
  1990 | D:2      | Reached XP level 4. HP: 41/41 MP: 3/3
  1998 | D:2      | Killed Sigmund
  1999 | D:2      | Reached skill level 6 in Axes
  1999 | D:2      | Reached XP level 5. HP: 13/47 MP: 4/4
  3170 | D:3      | Found a glowing silver altar of Zin.
  3668 | D:4      | Reached skill level 5 in Fighting
  3668 | D:4      | Reached XP level 6. HP: 56/56 MP: 5/5
  3690 | D:4      | Mangled by an ogre

Illustrated notes

Levels and vault maps discovered:
D:1:      onia_arrival_handbag, layout_loops_ring, shapermc_ecumenical_altar_gd,
          minmay_pentomino_u4
D:2:      layout_loops_ring, kennysheep_generic_room_12, uniq_sigmund,
          uniq_terence
D:3:      layout_basic, overflow_temple_1_default, serial_glass,
          glass_columns_a, glass_columns_a, glass_columns_c, grunt_ministairs_8,
          feat_on_display
D:4:      layout_basic

Skill      XL: |  1  2  3  4  5 |
---------------+----------------+-----
Axes           | 4 6 |  6.7
Fighting       | 4 5 |  5.1
Armour         | 3 |  3.9
Dodging        | 3 |  3.7
Stealth        | |  0.5

Action                   |  1- 3 |  4- 6 || total
-------------------------+-------+-------++-------
Melee: Hand axe          |    75 |    60 ||   135
       Punch             |     1 |       ||     1
       Headbutt          |     7 |    11 ||    18
Invok: Berserk           |     1 |     1 ||     2
  Use: Scroll            |       |     4 ||     4
 Stab: Sleeping          |     1 |       ||     1
Armor: Animal skin       |     3 |       ||     3
       Leather armour    |     7 |       ||     7
       Scale mail        |       |    18 ||    18
Dodge: Dodged            |    52 |    30 ||    82
